 Dungeon Crawl Stone Soup version 0.21.1-1-g345015f (webtiles) character file.

51 diana the Sneak (level 3, 0/18 HPs)
             Began as a Vine Stalker Assassin on May 27, 2018.
             Slain by a kobold (1 damage)
             ... on level 2 of the Dungeon.
             The game lasted 00:04:02 (1147 turns).

diana the Sneak (Vine Stalker Assassin)             Turns: 1147, Time: 00:04:03

Health: 0/18       AC:  5    Str: 13    XL:     3   Next: 83%
Magic:  0/4        EV: 11    Int: 11    God:
Gold:   50         SH:  0    Dex: 16    Spells: 2/2 levels left

rFire    . . .     SeeInvis .   a - +2 dagger
rCold    . . .     Gourm    .   (no shield)
rNeg     . . .     Faith    .   c - +0 robe
rPois    .         Spirit   +   (no helmet)
rElec    .         Reflect  .   d - +0 cloak
rCorr    .         Harm     .   (no gloves)
MR       .....                  n - +1 pair of boots
Stlth    +++.......             (no amulet)
HPRegen  0.06/turn              (no ring)
MPRegen  0.09/turn              (no ring)

@: no status effects
A: fangs 2, magic shield, antimagic bite, no potion heal 3, rot immunity
a: no special abilities


You were on level 2 of the Dungeon.
You were hungry.

You visited 1 branch of the dungeon, and saw 2 of its levels.

You collected 50 gold pieces.

Inventory:

Hand Weapons
 a - a +2 dagger (weapon)
 b - a +0 blowgun
Missiles
 e - 8 poisoned needles
 f - 2 curare-tipped needles
Armour
 c - a +0 robe (worn)
 d - a +0 cloak (worn)
 n - a +1 pair of boots (worn)
Jewellery
 j - an uncursed ring of protection from fire {unknown}
Scrolls
 h - 2 scrolls of teleportation {unknown}
 k - a scroll of fog {unknown}
 l - a scroll of remove curse {unknown}
 m - a scroll of magic mapping {unknown}
 p - a scroll of immolation {unknown}
Potions
 i - a potion of magic {unknown}
 o - 2 potions of haste {unknown}
Comestibles
 g - 9 rations


   Skills:
 - Level 1.7 Fighting
 + Level 3.6 Short Blades
 - Level 1.7 Throwing
 - Level 0.7 Dodging
 - Level 4.8 Stealth


You had 2 spell levels left.
You didn't know any spells.

Dungeon Overview and Level Annotations

Branches:
Dungeon (2/15)

Altars:
Qazlal


Innate Abilities, Weirdness & Mutations

You have extremely sharp teeth.
When hurt, damage is shared between your health and your magic reserves.
Your bite disrupts and absorbs the magic of your enemies.
Potions cannot restore your health.
You are immune to rotting.


Message History

The adder is moderately wounded.
The adder bites you but does no damage.
You closely miss the adder.
The adder is moderately wounded.
The adder barely misses you.
You barely miss the adder. Your bite misses the adder.
The adder is moderately wounded.
The adder barely misses you.
You hit the adder. You bite the adder, but do no damage.
The adder is severely wounded.
The adder bites you.
You hit the adder.
You kill the adder!
You hit the kobold but do no damage.
The kobold is moderately wounded.
The kobold hits you but does no damage.
You hit the kobold but do no damage.
The kobold is moderately wounded.
The kobold hits you.
You die...

#...# ##.....## ##.# ## #.#.##
##.......## ##..# #
#....####.........####...########
#.......'.........'..............
#....####.........####...########
##..## ##.......## ##...# # #.##
##.....## #...# # #.# ###...####
#...# # #.# #......@.# ##.## #
##.## #.##.###K# #.# # #...##
#.##.###.######.# #
..^..#####.##.K.........†# #
...............##.######## #
.....#####........# #...##
##....#### ##### #...## #####


You could see a kobold.

Vanquished Creatures
  An adder (D:2)
  2 dart slugs (D:1)
  2 giant cockroaches
  7 goblins (D:1)
  3 hobgoblins
  A quokka (D:2)
  A ball python (D:1)
  6 bats
  5 frilled lizards (D:1)
  7 kobolds
  3 rats (D:1)
38 creatures vanquished.

Vanquished Creatures (others)
  4 toadstools (D:1)
4 creatures vanquished.

Grand Total: 42 creatures vanquished

Notes
Turn   | Place    | Note
-------+----------+-------------------------------------------
     0 | D:1      | diana the Vine Stalker Assassin began the quest for the Orb.
     0 | D:1      | Reached XP level 1. HP: 11/11 MP: 2/2
   125 | D:1      | Reached XP level 2. HP: 10/15 MP: 3/3
   457 | D:1      | Reached XP level 3. HP: 16/18 MP: 4/4
   881 | D:2      | Found a stormy altar of Qazlal.
  1098 | D:2      | Found a faded altar of an unknown god.
  1147 | D:2      | Slain by a kobold

Skill      XL: |  1  2 |
---------------+-------+-----
Short Blades   | 2 3 |  3.6
Fighting       | |  1.7
Throwing       | |  1.7
Dodging        | |  0.7
Stealth        | |  4.8

Action                   || total
-------------------------++-------
Melee: Dagger            ||    87
       Bite              ||    17
 Stab: Sleeping          ||    17
Armor: Robe              ||    16
Dodge: Dodged            ||    33
